 Dungeon Crawl Stone Soup version 0.24.1 (webtiles) character file.

Game seed: 514034485109302091, levelgen mode: deterministic

8762 Curus the Cruncher (level 11, -10/81 HPs)
             Began as a Demonspawn Gladiator on Mar 27, 2020.
             Was a High Priest of Okawaru.
             Mangled by a two-headed ogre
             ... wielding a +0 giant club
              (11 damage)
             ... on level 10 of the Dungeon.
             The game lasted 00:32:15 (7956 turns).

Curus the Cruncher (Demonspawn Gladiator)           Turns: 7956, Time: 00:32:16

Health: -10/81     AC: 10    Str: 17    XL:     11   Next: 14%
Magic:  11/11      EV: 21    Int: 10    God:    Okawaru [*****.]
Gold:   587        SH:  6    Dex: 22    Spells: 10/10 levels left

rFire    + + .     SeeInvis .   t - +4 quarterstaff (chaos)
rCold    + . .     Gourm    .   (shield currently unavailable)
rNeg     . . .     Faith    .   u - +3 leather armour {rF+}
rPois    +         Spirit   .   c - +0 helmet
rElec    .         Reflect  .   i - +1 cloak
rCorr    .         Harm     .   o - +0 pair of gloves
MR       .....                  (no boots)
Stlth    ++........             v - amulet of regeneration
HPRegen  0.63/turn              w - ring of ice
MPRegen  0.12/turn              g - ring of protection from fire

@: agile
A: hooves 2, large bone plates 2, fire resistance 1, poison resistance, powered
by pain 2, strong 1
a: Heroism, Finesse, Renounce Religion


You were on level 10 of the Dungeon.
You worshipped Okawaru.
Okawaru was extremely pleased with you.
You were not hungry.

You visited 1 branch of the dungeon, and saw 10 of its levels.

You collected 707 gold pieces.
You spent 120 gold pieces at shops.

Inventory:

Hand Weapons
 a - a +1 quarterstaff
 t - a +4 quarterstaff of chaos (weapon)
Missiles
 d - 4 throwing nets (quivered)
Armour
 b - a +0 leather armour
 c - a +0 helmet (worn)
 i - a +1 cloak (worn)
 l - a +3 leather armour
 o - a +0 pair of gloves (worn)
 u - a +3 leather armour of fire resistance (worn)
Jewellery
 e - an uncursed amulet of guardian spirit
 g - a ring of protection from fire (right hand)
 m - an uncursed ring of stealth
 s - an uncursed ring of teleportation
 v - an amulet of regeneration (around neck)
 w - a ring of ice (left hand)
 D - an uncursed amulet of harm
Wands
 h - a wand of random effects (23)
 j - a wand of flame (19)
 p - a wand of acid (10)
 y - a wand of polymorph (21)
 G - a wand of clouds (4)
Scrolls
 k - 7 scrolls of identify
 r - 5 scrolls of teleportation
 x - a scroll of amnesia
 C - 2 scrolls of fear
 E - 4 scrolls of remove curse
Potions
 n - a potion of flight
 q - a potion of degeneration
 z - 4 potions of curing
 A - a potion of heal wounds
Comestibles
 f - 29 rations
 F - 3 chunks of flesh


   Skills:
 + Level 5.6 Fighting
 - Level 14.0 Staves
 - Level 1.7 Throwing
 + Level 5.6 Dodging


You had 10 spell levels left.
You didn't know any spells.
Your spell library was empty.

Dungeon Overview and Level Annotations

Branches:
Dungeon (10/15)            Temple (0/1) D:7             Orc (0/2) D:10
   Lair: D:8-11

Altars:
Ashenzari
Elyvilon
Fedhas
Gozag
Hepliaklqana
Makhleb
Okawaru
Sif Muna
Trog
Uskayaw
Xom
Yredelemnul
The Shining One

Shops:
D:4 %   D:6 !   D:9 [


Innate Abilities, Weirdness & Mutations

You have hoof-like feet.
You are mostly covered in large bone plates. (SH +6)
Your flesh is heat resistant. (rF+)
You sometimes gain power by taking damage.
Your system is resistant to poisons. (rPois)
Your muscles are strong. (Str +2)


Message History

The two-headed ogre is almost dead.
You barely miss the two-headed ogre.
The two-headed ogre is almost dead.
The orc priest mumbles some strange prayers to Beogh against you.
Beogh smites you!
* * * LOW HITPOINT WARNING * * *
The iguana bites you.
* * * LOW HITPOINT WARNING * * *
You feel much better. The two-headed ogre misses you. x2
The orc priest calls down the wrath of Beogh upon you.
Beogh smites you!
* * * LOW HITPOINT WARNING * * *
The iguana bites you.
* * * LOW HITPOINT WARNING * * *
You barely miss the two-headed ogre. You kick the two-headed ogre.
The two-headed ogre is almost dead.
The two-headed ogre hits you with a +0 giant club!!
* * * LOW HITPOINT WARNING * * *
The two-headed ogre hits you with a +0 giant club!
You die...

(...... .......
>...... .....o.
....... ......o
.....ol##+#####
#@......#
#O).....#
#.......#
#...)...+
#.......#
+.......#
#.......#
#......>#
#.......#


You could see a two-headed ogre, an iguana, an orc priest and 2 orcs.

Vanquished Creatures
  A two-headed ogre (D:9)
  Pikel (D:4)
  An ugly thing (D:8)
  Grinder (D:6)
  A slime creature (D:8)
  Sigmund (D:3)
  Eustachio (D:5)
  6 yaks (D:9)
  A hungry ghost (D:7)
  Menkaure (D:5)
  The ghost of sneaky the Stinger, an amateur OpVM (D:4)
  2 sky beasts (D:9)
  4 orc warriors (D:9)
  A phantom (D:9)
  2 slaves (D:4)
  2 black bears
  2 ice beasts
  2 necrophages (D:8)
  A centaur (D:9)
  7 ogres
  6 bullfrogs
  A wyvern zombie (D:6)
  2 water moccasin skeletons (D:8)
  3 scorpions
  2 wyvern skeletons
  11 killer bees
  5 wights
  3 howler monkeys
  7 crimson imps
  2 hounds
  3 jellies
  Crazy Yiuf (D:4)
  4 bullfrog skeletons
  2 quasits
  3 human zombies (D:8)
  11 orc priests
  9 orc wizards
  2 centaur skeletons
  2 human skeletons (D:8)
  Natasha (thrice) (D:2)
  2 iguanas (D:5)
  5 worker ants
  5 mummies (D:8)
  A hound skeleton (D:4)
  A howler monkey zombie (D:7)
  4 gnolls (D:4)
  3 adders
  2 oozes
  A worm (D:2)
  6 leopard geckos
  60 orcs
  9 bats
  5 giant cockroaches
  7 goblins
  9 hobgoblins
  15 jackals
  7 quokkas
  2 ball pythons
  13 frilled lizards
  9 kobolds
  2 quokka zombies
  7 rats
296 creatures vanquished.

Vanquished Creatures (others)
  An orc (D:4)
1 creature vanquished.

Grand Total: 297 creatures vanquished

Notes
Turn   | Place    | Note
-------+----------+-------------------------------------------
     0 | D:1      | Curus the Demonspawn Gladiator began the quest for the Orb.
     0 | D:1      | Reached XP level 1. HP: 16/16 MP: 1/1
    72 | D:1      | Reached skill level 3 in Staves
   179 | D:1      | Gained mutation: You sometimes gain a little power by
                  | taking damage. [demonic ancestry]
   179 | D:1      | Reached XP level 2. HP: 22/22 MP: 2/2
   642 | D:1      | Gained mutation: You are partially covered in large bone
                  | plates. (SH +4) [demonic ancestry]
   642 | D:1      | Reached XP level 3. HP: 27/27 MP: 3/3
   791 | D:1      | You fall into a shaft and drop 1 floor!
  1040 | D:1      | Reached skill level 4 in Staves
  1557 | D:2      | Noticed Natasha
  1562 | D:2      | Killed Natasha
  1562 | D:2      | Gained mutation: Your flesh is heat resistant. (rF+)
                  | [demonic ancestry]
  1562 | D:2      | Reached XP level 4. HP: 19/33 MP: 2/4
  1670 | D:2      | Noticed Natasha
  1676 | D:2      | Killed Natasha
  2022 | D:2      | Reached skill level 5 in Staves
  2082 | D:2      | Noticed Natasha
  2088 | D:2      | Killed Natasha
  2305 | D:2      | Gained mutation: You have large cloven feet. [demonic
                  | ancestry]
  2305 | D:2      | Reached XP level 5. HP: 38/38 MP: 5/5
  2643 | D:3      | Noticed Sigmund
  2658 | D:3      | Killed Sigmund
  2658 | D:3      | Reached skill level 6 in Staves
  2658 | D:3      | Gained mutation: You sometimes gain power by taking damage.
                  | [demonic ancestry]
  2658 | D:3      | Reached XP level 6. HP: 12/44 MP: 3/6
  3347 | D:3      | Found a hide-covered altar of Uskayaw.
  3509 | D:4      | Reached skill level 7 in Staves
  3568 | D:4      | Gained mutation: You are mostly covered in large bone
                  | plates. (SH +6) [demonic ancestry]
  3568 | D:4      | Reached XP level 7. HP: 35/50 MP: 3/7
  3605 | D:4      | Gained mutation: Your system is resistant to poisons.
                  | (rPois) [potion of mutation]
  3605 | D:4      | Gained mutation: Your muscles are strong. (Str +2) [potion
                  | of mutation]
  3731 | D:4      | Noticed Pikel
  3761 | D:4      | Killed Pikel
  3761 | D:4      | Reached skill level 9 in Staves
  3761 | D:4      | Gained mutation: You have hoof-like feet. [demonic
                  | ancestry]
  3761 | D:4      | Reached XP level 8. HP: 46/56 MP: 8/8
  3857 | D:4      | Found a runed translucent door.
  3861 | D:4      | Noticed sneaky's ghost (amateur OpVM)
  3916 | D:4      | Found a shimmering altar of Xom.
  3917 | D:4      | Found an iron altar of Okawaru.
  3921 | D:4      | Became a worshipper of Warmaster Okawaru
  3981 | D:4      | Found Xuixty's Food Boutique.
  4110 | D:4      | Found a runed translucent door.
  4111 | D:4      | Noticed Crazy Yiuf
  4119 | D:4      | Killed Crazy Yiuf
  4193 | D:5      | Entered Level 5 of the Dungeon
  4265 | D:4      | Killed sneaky's ghost
  4297 | D:5      | Noticed Menkaure
  4300 | D:5      | Noticed Eustachio
  4302 | D:5      | Killed Menkaure
  4315 | D:5      | Killed Eustachio
  4315 | D:5      | Reached skill level 10 in Staves
  4337 | D:5      | Found a shattered altar of Ashenzari.
  4411 | D:5      | Reached * piety under Okawaru
  4969 | D:6      | Noticed Grinder
  4972 | D:6      | Paralysed by Grinder for 7 turns
  4988 | D:6      | Killed Grinder
  5007 | D:6      | Reached skill level 11 in Staves
  5007 | D:6      | Reached XP level 9. HP: 42/61 MP: 9/9
  5027 | D:6      | You fall into a shaft and drop 1 floor!
  5049 | D:7      | Found a bloodstained altar of Trog.
  5101 | D:7      | Found a staircase to the Ecumenical Temple.
  5172 | D:7      | Reached ** piety under Okawaru
  5250 | D:6      | Reached skill level 12 in Staves
  5318 | D:6      | Found Keas's Distillery.
  5326 | D:6      | Bought a potion of degeneration for 15 gold pieces
  5326 | D:6      | Bought a potion of curing for 45 gold pieces
  5326 | D:6      | Bought a potion of agility for 60 gold pieces
  5427 | D:6      | Found a white marble altar of Elyvilon.
  6034 | D:7      | Found a shimmering blue altar of Sif Muna.
  6150 | D:7      | Reached *** piety under Okawaru
  6160 | D:7      | Reached skill level 13 in Staves
  6250 | D:8      | Found a hazy altar of Hepliaklqana.
  6321 | D:8      | Reached XP level 10. HP: 67/67 MP: 10/10
  6334 | D:8      | Found a blossoming altar of Fedhas.
  6415 | D:8      | Found a glowing golden altar of the Shining One.
  6546 | D:8      | Found a basalt altar of Yredelemnul.
  6880 | D:8      | Noticed a brown ugly thing
  6895 | D:8      | Killed a brown ugly thing
  6895 | D:8      | Reached **** piety under Okawaru
  6895 | D:8      | Received a gift from Okawaru
  6910 | D:8      | Reached skill level 14 in Staves
  7121 | D:9      | Found a shattered altar of Ashenzari.
  7200 | D:9      | Found Zilakaf's Armour Boutique.
  7488 | D:9      | Noticed a two-headed ogre
  7495 | D:9      | Killed a two-headed ogre
  7572 | D:9      | Reached ***** piety under Okawaru
  7581 | D:9      | Reached skill level 5 in Fighting
  7581 | D:9      | Reached skill level 5 in Dodging
  7581 | D:9      | Reached XP level 11. HP: 68/79 MP: 11/11
  7595 | D:9      | Found a burning altar of Makhleb.
  7756 | D:9      | Found an opulent altar of Gozag.
  7885 | D:10     | Entered Level 10 of the Dungeon
  7924 | D:10     | Noticed a two-headed ogre
  7931 | D:10     | Found a staircase to the Orcish Mines.
  7956 | D:10     | HP: 1/81 [two-headed ogre/+0 giant club (20)]
  7956 | D:10     | Mangled by a two-headed ogre

Levels and vault maps discovered:
D:1:      psy_arrival_terrarium, layout_loops_corners
D:2:      layout_basic, chequers_serial_rivers_micro_d,
          chequers_serial_rivers_micro_a, uniq_natasha
D:3:      layout_loops_cross, eat_drink_and_be_merry_uskayaw,
          grunt_ministairs_13, uniq_sigmund
D:4:      layout_rooms, gammafunk_temple_overflow_statue, first_ration,
          serial_shops, nicolae_shop_behind_doors, gammafunk_ghost_grave,
          minmay_diced_spiral, uniq_pikel, uniq_crazy_yiuf_cottage
D:5:      layout_loops_ring, evilmike_ruin_ashenzari, uniq_eustachio,
          uniq_menkaure
D:6:      layout_basic, lemuel_round_altar, serial_shops, nicolae_shop_stone,
          minmay_misc_feat_five, uniq_grinder
D:7:      layout_loops_ring, bloody_trog, kennysheep_mini_moat,
          minmay_temple_entry_proselytizer, grunt_ogre_cave
D:8:      layout_basic, kennysheep_mini, nicolae_tso_carved_into_rock,
          lemuel_mausoleum_altar_yredelemnul, kennysheep_little_box,
          nzn_random_ring
D:9:      layout_roguey [special_room_orc], overflow_temple_1_default,
          lemuel_coloured_pillars_altar, lemuel_crystal_altar, serial_shops,
          shop_statue
D:10:     layout_roguey, david_orc_3, st_stairs_8,
          hangedman_abyss_or_decor_passed, minmay_misc_feat_tower, uniq_sonja

Skill      XL: |  1  2  3  4  5  6  7  8  9 10 |
---------------+-------------------------------+-----
Staves         | 3 4 5 6 7 9 11 13 14 | 14.0
Dodging        | 5 |  5.6
Fighting       | 5 |  5.6
Throwing       | |  1.7

Action                   |  1- 3 |  4- 6 |  7- 9 | 10-12 || total
-------------------------+-------+-------+-------+-------++-------
Melee: Quarterstaff      |   114 |   141 |   297 |   349 ||   901
       Kick              |       |    27 |    74 |   113 ||   214
Evoke: Wand              |       |       |       |     3 ||     3
  Use: Potion            |     3 |     4 |     6 |     2 ||    15
       Scroll            |     2 |     2 |    10 |       ||    14
 Stab: Sleeping          |     1 |     5 |     6 |     2 ||    14
       Confused          |       |       |     5 |     1 ||     6
       Paralysed         |       |       |     1 |     3 ||     4
       Petrifying        |       |       |       |     4 ||     4
       Distracted        |       |       |       |     1 ||     1
  Eat: Chunk             |     2 |     6 |    10 |     6 ||    24
Armor: Leather armour    |    30 |    63 |    64 |    49 ||   206
Dodge: Dodged            |    93 |   109 |   121 |    80 ||   403
Block: Other             |     7 |    35 |    65 |    48 ||   155
